 Dungeon Sprint DCSS version 0.27-a0-1322-gfdffb62a71 (webtiles) character file.

Game seed: 10509924940218561442

6 rocky1 the Shield-Bearer (level 2, -6/25 HPs)
             Began as a Formicid Fighter on June 23, 2021.
             Mangled by an iguana (9 damage)
             ... in the Dungeon (Sprint IX: "|||||||||||||||||||||||||||||").
             The game lasted 00:00:15 (51 turns).

rocky1 the Shield-Bearer (Formicid Fighter)           Turns: 51, Time: 00:00:17

Health: -6/25      AC:  7    Str: 20    XL:     2   Next: 0%
Magic:  2/2        EV:  8    Int:  7    God:
Gold:   0          SH:  9    Dex: 10    Spells: 1/1 levels left

rFire    . . .     SeeInvis +   a - +0 long sword
rCold    . . .     Faith    .   c - +0 kite shield
rNeg     . . .     Spirit   .   b - +0 scale mail
rPois    .         Reflect  .   (helmet unavailable)
rElec    .         Harm     .   (no cloak)
rCorr    .         Rampage  .   (no gloves)
Will     .....                  (no boots)
Stlth    ..........             (no amulet)
HPRegen  0.08/turn              (no ring)
MPRegen  0.08/turn              (no ring)

@: no status effects
A: permanent stasis, dig shafts and tunnels, antennae 3, four strong arms
a: Dig


You were in the Dungeon.
You visited 1 branch

Inventory:

Hand Weapons
 a - a +0 long sword (weapon)
Armour
 b - a +0 scale mail (worn)
 c - a +0 kite shield (worn)
Potions
 d - a potion of might
 e - a potion of curing
 f - a potion of heal wounds
 g - 2 potions of magic


   Skills:
 + Level 3.7 Fighting
 + Level 2.5 Long Blades
 + Level 3.7 Armour
 + Level 1.1 Dodging
 + Level 4.1 Shields


You had one spell level left.
You didn't know any spells.
Your spell library was empty.

Dungeon Overview and Level Annotations

Branches:
Dungeon (1/1)

Altars:


Innate Abilities, Weirdness & Mutations

You cannot be hasted, slowed, berserked, paralysed or teleported.
You can dig through walls and to a lower floor.
You have a pair of large antennae on your head. (SInv)
Your four strong arms can wield two-handed weapons with a shield.


Message History

You open the door.
An iguana, an orc, an ogre, a zombie and a skeleton come into view.
The orc shouts!
The ogre shouts!
You slash the adder skeleton!
The adder skeleton is severely damaged.
You block the adder skeleton's attack.
You closely miss the iguana.
The iguana bites you but does no damage.
You closely miss the iguana. You block the iguana's attack.
You hit the iguana but do no damage.
The iguana bites you but does no damage. x2
You hit the iguana but do no damage. You block the iguana's attack.
You hit the iguana but do no damage. The iguana bites you.
The iguana bites you!
You closely miss the iguana. You block the iguana's attack.
You hit the iguana but do no damage. The iguana closely misses you.
You riposte.
You hit the iguana.
The iguana is moderately wounded.
You closely miss the iguana.
The iguana is moderately wounded.
You block the iguana's attack. The iguana bites you.
You hit the iguana but do no damage.
The iguana is moderately wounded.
The iguana bites you but does no damage.
You hit the iguana but do no damage.
The iguana is moderately wounded.
You block the iguana's attack. The iguana bites you.
* * * LOW HITPOINT WARNING * * *
You barely miss the iguana.
The iguana is moderately wounded.
The iguana bites you but does no damage.
You closely miss the iguana.
The iguana is moderately wounded.
The iguana closely misses you.
You riposte.
You closely miss the iguana.
The iguana is moderately wounded.
You block the iguana's attack.
You hit the iguana.
The iguana is heavily wounded.
The iguana bites you!
You die...

▓.▓
▓.▓
▓.▓
▓)▓
▓.▓
▓.▓
▓.▓
▓.▓
▓@▓
▓l▓
▓o▓
▓O▓
▓Z▓
▓Z▓
▓.▓
▓+▓


You could see an ogre, an iguana, an orc, a ball python zombie and an adder
skeleton.

Vanquished Creatures
  3 goblins (D)
  A jackal (D)
  A rat (D)
5 creatures vanquished.

Notes
Turn   | Place    | Note
-------+----------+-------------------------------------------
     0 | D        | rocky1 the Formicid Fighter began the quest for the Orb.
     0 | D        | Reached XP level 1. HP: 18/18 MP: 1/1
     6 | D        | Banished a spatial maelstrom
    10 | D        | Reached skill level 4 in Shields
    11 | D        | Reached skill level 1 in Dodging
    13 | D        | Reached XP level 2. HP: 23/25 MP: 2/2
    37 | D        | Noticed an ogre
    51 | D        | Mangled by an iguana

Illustrated notes

Levels and vault maps discovered:
D:        linesprint [early_d, line_temple, items_1, d_10, items_2, lair_1,
          lair_end, items_3, orc_1, orc_end, items_4, d_15, swamp_1, shoals_1,
          snake_1, spider_1, d_20, vaults_1, items_5, swamp_end, shoals_end,
          snake_end, spider_end, vaults_end, d_27, items_6, zot_1, zot_end,
          crypt_end, forest_end, elf_end, slime_end, tomb_end, abyss_end,
          pan_hell_end]

Skill      XL: |  1 |
---------------+----+-----
Shields        | 4 |  4.1
Dodging        | 1 |  1.1
Fighting       | |  3.7
Long Blades    | |  2.5
Armour         | |  3.7

Action                   || total
-------------------------++-------
Melee: Long sword        ||    23
Armor: Scale mail        ||     7
Dodge: Dodged            ||     4
Block: Kite shield       ||     9
       Rpst.: Long sword ||     2

Table legend: (Time is in decaauts)
 A = Elapsed time spent in this place.
 B = Non-inter-level travel time spent in this place.
 C = Inter-level travel time spent in this place.
 D = Time resting spent in this place.
 E = Time spent auto-exploring this place.
 F = Levels seen in this place.
 G = Mean time per level.
                   A        B        C        D        E       F      G
               +--------+--------+--------+--------+--------+-----+--------+
         Total |     61 |     61 |      0 |     18 |      0 |   1 |   61.0 |
       Dungeon |     61 |     61 |      0 |     18 |      0 |   1 |   61.0 |
               +--------+--------+--------+--------+--------+-----+--------+

Top non-repeatable levels by time:
       D: 61 daAuts
